COLUMBUS vs DETROIT

Created - April 25, 2021 at 12:47

Goals
1 2 3 T
COLUMBUS 0 1 1 2
DETROIT 0 0 0 0
Shots
1 2 3 T
COLUMBUS 13 10 15 38
DETROIT 2 1 10 13

1st period

No Goal

Penalties :
Scott Laughton (DET) for Boarding (Minor) at 1:41, T.J. Oshie (CBJ) for Hooking (Minor) at 13:47, Zemgus Girgensons (DET) for Boarding (Minor) at 17:33

2nd period

1. COLUMBUS , T.J. Oshie 18 (Jacob Trouba 39, Claude Giroux 18) at 6:49

Penalties :
Ben Chiarot (CBJ) for Tripping (Minor) at 3:23, Justin Abdelkader (DET) for Slashing (Minor) at 10:51

3rd period

2. COLUMBUS , Claude Giroux 13 (John Carlson 30, Steven Stamkos 30) at 6:33 (PP)

Penalties :
Aaron Ekblad (DET) for Slashing (Minor) at 3:56, Scott Laughton (DET) for High sticking (Double Minor) at 6:17, Claude Giroux (CBJ) for Holding (Minor) at 10:33, Andrej Sekera (DET) for High sticking (Minor) at 16:50

Goalie Stats

Mikko Koskinen (CBJ), 13 saves from 13 shots - (1.000), W, 15-9-2, 60:00 minutes
John Gibson (DET), 36 saves from 38 shots - (0.947), L, 30-25-3, 60:00 minutes

Players Stats for COLUMBUS

Player Name              G  A  P  +/- PIM S  H  SB GA TA FO     MP     PP MP  PK MP  
------------------------------------------------------------------------------------
Aleksander Barkov        0  0  0   0  0   1  0  0  0  0  18/35  24:21   6:41   4:08 
Anthony Beauvillier      0  0  0   0  0   2  0  0  0  0  0/0    13:32   0:00   0:00 
Ben Chiarot              0  0  0   1  2   4  2  1  0  0  0/0    21:05   5:36   1:44 
Cam Atkinson             0  0  0   0  0   3  0  0  0  0  1/1    14:53   0:00   0:00 
Carl Gunnarsson          0  0  0   0  0   0  0  0  0  0  0/0     0:00   0:00   0:00 
Claude Giroux            1  1  2   1  2   4  1  0  0  0  1/1    20:06   6:39   0:00 
Derek Grant              0  0  0   0  0   1  1  0  0  0  6/10   11:16   0:02   1:47 
Erik Cernak              0  0  0   0  0   0  2  1  0  0  0/0    13:43   0:00   0:02 
Jack Roslovic            0  0  0   0  0   0  0  0  0  0  0/0     7:06   0:00   1:40 
Jacob Trouba             0  1  1   1  0   4  1  0  0  0  0/0    21:59   5:36   2:37 
John Carlson             0  1  1   0  0   1  0  0  0  0  0/0    24:20   6:34   3:20 
Jonathan Drouin          0  0  0   0  0   0  1  0  0  0  1/1    14:56   5:29   0:00 
Lars Eller               0  0  0   1  0   3  1  0  0  0  16/31  21:46   5:29   2:49 
Mattias Ekholm           0  0  0   0  0   3  0  1  0  0  0/0    24:20   6:34   3:20 
Ryan Murray              0  0  0   0  0   0  1  0  0  0  0/0    14:32   0:00   0:51 
Sean Kuraly              0  0  0   0  0   0  1  0  0  0  3/5     5:52   0:00   0:26 
Steven Stamkos           0  1  1   0  0   8  4  0  0  0  0/0    20:13   6:41   0:00 
T.J. Oshie               1  0  1   1  2   4  3  0  0  0  1/2    20:00   5:29   1:04 

Players Stats for DETROIT

Player Name              G  A  P  +/- PIM S  H  SB GA TA FO     MP     PP MP  PK MP  
------------------------------------------------------------------------------------
Aaron Ekblad             0  0  0   0  2   1  3  4  0  0  0/0    21:31   2:20   5:22 
Alexander Wennberg       0  0  0  -1  0   0  0  1  0  0  5/10   14:56   0:00   0:00 
Andrej Sekera            0  0  0  -1  2   0  2  0  0  0  0/0    12:50   0:00   0:59 
Brendan Smith            0  0  0   0  0   0  0  0  0  0  0/0     4:46   0:00   0:00 
Calle Jarnkrok           0  0  0   0  0   0  0  0  0  0  1/3    19:31   2:33   4:21 
Chandler Stephenson      0  0  0   0  0   0  0  0  0  0  3/5     4:02   0:00   0:53 
Christian Dvorak         0  0  0   0  0   1  0  0  0  0  13/19  19:04   2:33   3:54 
Colton Sceviour          0  0  0  -1  0   1  1  0  0  0  2/2    14:45   0:00   0:00 
Ian Cole                 0  0  0   0  0   1  1  2  0  0  0/0    20:39   3:37   5:37 
Justin Abdelkader        0  0  0  -1  2   0  4  0  0  0  0/4    16:50   0:00   2:06 
Max Domi                 0  0  0   0  0   3  1  0  0  0  1/4    21:53   3:24   7:07 
Oscar Klefbom            0  0  0   0  0   2  0  1  0  0  0/0    20:39   3:37   5:37 
Patrik Nemeth            0  0  0  -1  0   0  1  0  0  0  0/0    11:52   0:00   0:00 
Robert Bortuzzo          0  0  0   0  0   1  0  0  0  0  0/0     4:58   0:00   0:12 
Scott Laughton           0  0  0   0  6   1  3  0  0  0  6/21   14:44   3:24   0:00 
Taylor Hall              0  0  0   0  0   1  1  0  0  0  7/17   24:07   2:33   5:59 
Tyler Myers              0  0  0   0  0   1  5  4  0  0  0/0    22:43   2:20   6:33 
Valeri Nichushkin        0  0  0   0  0   0  0  0  0  0  0/0     3:09   0:00   0:00 
Zemgus Girgensons        0  0  0   0  2   0  1  1  0  0  1/1    14:45   3:24   0:00 

3 Stars

1 - John Gibson (DET)
2 - Claude Giroux (CBJ)
3 - Mikko Koskinen (CBJ)

Power Play

COLUMBUS - 1 on 7 Attempt(s) - 14.29%
DETROIT - 0 on 3 Attempt(s) - 0.00%

Penalty Kill

COLUMBUS - 3 on 3 Attempt(s) - 100.00% - Score 0 goal in Penalty Kill
DETROIT - 6 on 7 Attempt(s) - 85.71% - Score 0 goal in Penalty Kill

Team Stat

COLUMBUS - Hits : 18 - Faceoff Wins : 47 - Blocked Shots : 3 - Penalty Minutes : 6
DETROIT - Hits : 23 - Faceoff Wins : 39 - Blocked Shots : 13 - Penalty Minutes : 14

Official

Referees : Kendrick Nicholson and Chris Floresco
Linesman : Jason Deblois and Brad Kovachik

Game Notes

No Game Note

Finance

Level 1 -- Attendance: 4130 (68.83%) -- Ticket Income $454,300
Level 2 -- Attendance: 3545 (70.90%) -- Ticket Income $212,700
Level 3 -- Attendance: 1367 (68.35%) -- Ticket Income $54,680
Level 4 -- Attendance: 2439 (60.98%) -- Ticket Income $60,975
Luxury Box -- Attendance: 1000 (100.00%) -- Ticket Income $180,000
Game was played at the Little Caesars Arena.
Total Attendance: 12481 (69.34%)
Total Ticket Income: $962,655
Total Income: $962,655

COLUMBUS

5 vs 5 Forward 
   Center                   Left Wing                Right Wing               Time % Phy DF OF 
 1 Aleksander Barkov        Anthony Beauvillier      Steven Stamkos           35     1   2  2  
 2 Lars Eller               Claude Giroux            T.J. Oshie               35     1   2  2  
 3 Derek Grant              Jonathan Drouin          Cam Atkinson             20     1   2  2  
 4 Sean Kuraly              Jack Roslovic            Cam Atkinson             10     1   2  2  

5 vs 5 Defense 
   Defense                  Defense                                           Time % Phy DF OF 
 1 John Carlson             Mattias Ekholm                                    35     1   2  2  
 2 Jacob Trouba             Ben Chiarot                                       30     1   2  2  
 3 Erik Cernak              Ryan Murray                                       25     1   2  2  
 4 Mattias Ekholm           John Carlson                                      10     1   2  2  

PowerPlay Forward 
   Center                   Left Wing                Right Wing               Time % Phy DF OF 
 1 Aleksander Barkov        Claude Giroux            Steven Stamkos           60     0   1  4  
 2 Lars Eller               Jonathan Drouin          T.J. Oshie               40     0   1  4  

PowerPlay Defense
   Defense                  Defense                                           Time % Phy DF OF 
 1 John Carlson             Mattias Ekholm                                    60     1   2  2  
 2 Jacob Trouba             Ben Chiarot                                       40     1   2  2  

Penalty Kill 4 Players Forward 
   Center                   Wing                     Time % Phy DF OF 
 1 Aleksander Barkov        Lars Eller               60     1   2  2  
 2 Derek Grant              T.J. Oshie               40     1   2  2  

Penalty Kill 4 Players Defense
   Defense                  Defense                  Time % Phy DF OF 
 1 John Carlson             Mattias Ekholm           60     1   2  2  
 2 Jacob Trouba             Ben Chiarot              40     1   2  2  

Penalty Kill - 3 Players Forward 
   Forward                                           Time % Phy DF OF 
 1 Lars Eller                                        60     1   2  2  
 2 Derek Grant                                       40     1   2  2  

Penalty Kill - 3 Players Defense
   Defense                  Defense                  Time % Phy DF OF 
 1 John Carlson             Mattias Ekholm           60     1   2  2  
 2 Jacob Trouba             Ben Chiarot              40     1   2  2  

4 vs 4 Forward 
   Center                   Wing                     Time % Phy DF OF 
 1 Aleksander Barkov        Steven Stamkos           60     1   2  2  
 2 Claude Giroux            Cam Atkinson             40     1   2  2  

4 vs 4 Defense
   Defense                  Defense                  Time % Phy DF OF 
 1 John Carlson             Mattias Ekholm           60     1   2  2  
 2 Jacob Trouba             Ben Chiarot              40     1   2  2  

Last Minutes Offensive
   Center                   Left Wing                Right Wing               Defense                  Defense                  
   Aleksander Barkov        Claude Giroux            Steven Stamkos           John Carlson             Mattias Ekholm           

Last Minutes Defensive
   Center                   Left Wing                Right Wing               Defense                  Defense                  
   Aleksander Barkov        Claude Giroux            Steven Stamkos           John Carlson             Mattias Ekholm           

Goaltenders
Starting : Mikko Koskinen           
Backup : David Rittich            

Extra Forwards
Normal : Derek Grant, Sean Kuraly, Jack Roslovic - PP : Derek Grant, Sean Kuraly - PK : Jack Roslovic
Extra Defensemen
Normal : Erik Cernak, Ryan Murray, Ben Chiarot - PP : Erik Cernak - PK : Ryan Murray, Mattias Ekholm
Penalty Shots
Aleksander Barkov, Steven Stamkos, Claude Giroux, Cam Atkinson, T.J. Oshie

Scratches
CBJ Cap Hit (Suspend)

DETROIT

5 vs 5 Forward 
   Center                   Left Wing                Right Wing               Time % Phy DF OF 
 1 Christian Dvorak         Taylor Hall              Calle Jarnkrok           35     1   2  2  
 2 Scott Laughton           Max Domi                 Zemgus Girgensons        30     1   2  2  
 3 Alexander Wennberg       Colton Sceviour          Justin Abdelkader        25     1   2  2  
 4 Chandler Stephenson      Taylor Hall              Valeri Nichushkin        10     1   2  2  

5 vs 5 Defense 
   Defense                  Defense                                           Time % Phy DF OF 
 1 Aaron Ekblad             Tyler Myers                                       35     1   2  2  
 2 Oscar Klefbom            Ian Cole                                          30     1   2  2  
 3 Patrik Nemeth            Andrej Sekera                                     25     1   2  2  
 4 Robert Bortuzzo          Brendan Smith                                     10     1   2  2  

PowerPlay Forward 
   Center                   Left Wing                Right Wing               Time % Phy DF OF 
 1 Christian Dvorak         Taylor Hall              Calle Jarnkrok           60     1   2  2  
 2 Scott Laughton           Max Domi                 Zemgus Girgensons        40     1   2  2  

PowerPlay Defense
   Defense                  Defense                                           Time % Phy DF OF 
 1 Aaron Ekblad             Tyler Myers                                       60     1   2  2  
 2 Oscar Klefbom            Ian Cole                                          40     1   2  2  

Penalty Kill 4 Players Forward 
   Center                   Wing                     Time % Phy DF OF 
 1 Taylor Hall              Max Domi                 60     1   2  2  
 2 Christian Dvorak         Calle Jarnkrok           40     1   2  2  

Penalty Kill 4 Players Defense
   Defense                  Defense                  Time % Phy DF OF 
 1 Aaron Ekblad             Tyler Myers              60     1   2  2  
 2 Oscar Klefbom            Ian Cole                 40     1   2  2  

Penalty Kill - 3 Players Forward 
   Forward                                           Time % Phy DF OF 
 1 Taylor Hall                                       60     1   2  2  
 2 Max Domi                                          40     1   2  2  

Penalty Kill - 3 Players Defense
   Defense                  Defense                  Time % Phy DF OF 
 1 Aaron Ekblad             Tyler Myers              60     1   2  2  
 2 Oscar Klefbom            Ian Cole                 40     1   2  2  

4 vs 4 Forward 
   Center                   Wing                     Time % Phy DF OF 
 1 Taylor Hall              Max Domi                 60     1   2  2  
 2 Christian Dvorak         Calle Jarnkrok           40     1   2  2  

4 vs 4 Defense
   Defense                  Defense                  Time % Phy DF OF 
 1 Aaron Ekblad             Tyler Myers              60     1   2  2  
 2 Oscar Klefbom            Ian Cole                 40     1   2  2  

Last Minutes Offensive
   Center                   Left Wing                Right Wing               Defense                  Defense                  
   Christian Dvorak         Taylor Hall              Calle Jarnkrok           Aaron Ekblad             Tyler Myers              

Last Minutes Defensive
   Center                   Left Wing                Right Wing               Defense                  Defense                  
   Christian Dvorak         Taylor Hall              Calle Jarnkrok           Aaron Ekblad             Tyler Myers              

Goaltenders
Starting : John Gibson              
Backup : Pheonix Copley           

Extra Forwards
Normal : Alexander Wennberg, Colton Sceviour, Justin Abdelkader - PP : Alexander Wennberg, Colton Sceviour - PK : Justin Abdelkader
Extra Defensemen
Normal : Patrik Nemeth, Andrej Sekera, Robert Bortuzzo - PP : Patrik Nemeth - PK : Andrej Sekera, Robert Bortuzzo
Penalty Shots
Taylor Hall, Max Domi, Christian Dvorak, Calle Jarnkrok, Scott Laughton

Scratches
Tomas Nosek (Healthy), DET CAPHIT (Suspend), Ryan Nugent-Hopkins (Healthy)

% Time on Ice - COLUMBUS

Lines # - Real PCT - Wanted PCT - Time Play
Normal Forward
1 - 32% - 35% - 13:32
2 - 32% - 35% - 13:28
3 - 23% - 20% - 9:27
4 - 13% - 10% - 5:26
Normal Defense
1 - 33% - 35% - 13:39
2 - 33% - 30% - 13:46
3 - 33% - 25% - 13:41
4 - 2% - 10% - 0:47
PP Forward
1 - 55% - 60% - 6:41
2 - 45% - 40% - 5:29
PP Defense
1 - 54% - 60% - 6:34
2 - 46% - 40% - 5:36
PK Forward
1 - 70% - 60% - 4:10
2 - 30% - 40% - 1:47
PK Defense
1 - 56% - 60% - 3:20
2 - 44% - 40% - 2:37
PK3 Forward
1 - 0% - 60%
2 - 0% - 40%
PK3 Defense
1 - 0% - 60%
2 - 0% - 40%
44 Forward
1 - 0% - 60%
2 - 0% - 40%
44 Defense
1 - 0% - 60%
2 - 0% - 40%
Last Minute Offensive  - 0:00
Last Minute Defensive  - 0:00
Total
Forward - 60:00
Defense - 60:00

% Time on Ice - DETROIT

Lines # - Real PCT - Wanted PCT - Time Play
Normal Forward
1 - 30% - 35% - 12:37
2 - 27% - 30% - 11:22
3 - 35% - 25% - 14:45
4 - 8% - 10% - 3:09
Normal Defense
1 - 33% - 35% - 13:50
2 - 27% - 30% - 11:25
3 - 28% - 25% - 11:52
4 - 11% - 10% - 4:46
PP Forward
1 - 43% - 60% - 2:33
2 - 57% - 40% - 3:24
PP Defense
1 - 39% - 60% - 2:20
2 - 61% - 40% - 3:37
PK Forward
1 - 68% - 60% - 8:16
2 - 32% - 40% - 3:54
PK Defense
1 - 54% - 60% - 6:33
2 - 46% - 40% - 5:37
PK3 Forward
1 - 0% - 60%
2 - 0% - 40%
PK3 Defense
1 - 0% - 60%
2 - 0% - 40%
44 Forward
1 - 0% - 60%
2 - 0% - 40%
44 Defense
1 - 0% - 60%
2 - 0% - 40%
Last Minute Offensive  - 0:00
Last Minute Defensive  - 0:00
Total
Forward - 60:00
Defense - 60:00

Play-by-Play

1st period


0:01 of 1st period - Aleksander Barkov wins face-off versus Taylor Hall in neutral zone.
1:41 of 1st period - Minor Penalty to Scott Laughton for Boarding.
1:42 of 1st period - Aleksander Barkov wins face-off versus Justin Abdelkader in DETROIT zone.
1:43 of 1st period - Shot by John Carlson.
1:43 of 1st period - Deflect By Steven Stamkos.
1:43 of 1st period - Stopped by John Gibson without a rebound.
1:44 of 1st period - Claude Giroux wins face-off versus Justin Abdelkader in DETROIT zone.
1:45 of 1st period - Shot by Steven Stamkos.
1:45 of 1st period - Stopped by John Gibson with a rebound.
2:26 of 1st period - Lars Eller is hit by Justin Abdelkader and loses puck.
2:37 of 1st period - Shot by Lars Eller.
2:37 of 1st period - Stopped by John Gibson without a rebound.
2:38 of 1st period - Christian Dvorak wins face-off versus Lars Eller in DETROIT zone.
2:55 of 1st period - Shot by John Carlson.
2:55 of 1st period - Shot Blocked by Aaron Ekblad.
2:57 of 1st period - Shot by Mattias Ekholm.
2:57 of 1st period - Stopped by John Gibson without a rebound.
2:58 of 1st period - Taylor Hall wins face-off versus Aleksander Barkov in DETROIT zone.
3:04 of 1st period - Icing by Ben Chiarot.
3:05 of 1st period - Aleksander Barkov wins face-off versus Christian Dvorak in COLUMBUS zone.
3:28 of 1st period - Shot by Claude Giroux.
3:28 of 1st period - Deflect By Aleksander Barkov.
3:28 of 1st period - Shot Blocked by Ian Cole.
3:30 of 1st period - Shot by Jacob Trouba.
3:30 of 1st period - Shot Blocked by Ian Cole.
3:32 of 1st period - Shot by Ben Chiarot.
3:32 of 1st period - Stopped by John Gibson without a rebound.
3:33 of 1st period - Lars Eller wins face-off versus Christian Dvorak in DETROIT zone.
3:47 of 1st period - Shot by Colton Sceviour.
3:47 of 1st period - Shot Misses the Net.
4:17 of 1st period - Cam Atkinson is hit by Justin Abdelkader.
4:29 of 1st period - Patrik Nemeth is hit by Steven Stamkos and loses puck.
4:54 of 1st period - Shot by Aleksander Barkov.
4:54 of 1st period - Deflect By Steven Stamkos.
4:54 of 1st period - Stopped by John Gibson with a rebound.
4:56 of 1st period - Shot by Mattias Ekholm.
4:56 of 1st period - Shot Blocked by Oscar Klefbom.
5:01 of 1st period - Aleksander Barkov is hit by Ian Cole.
5:03 of 1st period - Shot by Steven Stamkos.
5:03 of 1st period - Stopped by John Gibson without a rebound.
5:04 of 1st period - Chandler Stephenson wins face-off versus Lars Eller in DETROIT zone.
5:04 of 1st period - Chandler Stephenson is hit by T.J. Oshie.
5:39 of 1st period - Icing by T.J. Oshie.
5:40 of 1st period - Scott Laughton wins face-off versus Lars Eller in COLUMBUS zone.
5:43 of 1st period - Shot by Max Domi.
5:43 of 1st period - Stopped by Mikko Koskinen without a rebound.
5:44 of 1st period - Scott Laughton wins face-off versus Derek Grant in COLUMBUS zone.
5:59 of 1st period - Shot by Scott Laughton.
5:59 of 1st period - Shot Blocked by Erik Cernak.
6:52 of 1st period - Off-side.
6:53 of 1st period - Christian Dvorak wins face-off versus Aleksander Barkov in neutral zone.
7:04 of 1st period - Icing by Steven Stamkos.
7:05 of 1st period - Colton Sceviour wins face-off versus Aleksander Barkov in COLUMBUS zone.
7:17 of 1st period - Icing by John Carlson.
7:18 of 1st period - Christian Dvorak wins face-off versus Aleksander Barkov in COLUMBUS zone.
7:26 of 1st period - Off-side.
7:27 of 1st period - Lars Eller wins face-off versus Alexander Wennberg in neutral zone.
7:36 of 1st period - Shot by Claude Giroux.
7:36 of 1st period - Shot Misses the Net.
7:54 of 1st period - Justin Abdelkader is hit by T.J. Oshie and loses puck.
8:10 of 1st period - Jacob Trouba is hit by Tyler Myers and loses puck.
8:57 of 1st period - Shot by Christian Dvorak.
8:57 of 1st period - Shot Misses the Net.
9:12 of 1st period - Icing by Mattias Ekholm.
9:13 of 1st period - Aleksander Barkov wins face-off versus Scott Laughton in COLUMBUS zone.
9:28 of 1st period - Shot by Scott Laughton.
9:28 of 1st period - Shot Misses the Net.
9:30 of 1st period - Shot by Max Domi.
9:30 of 1st period - Shot Hit the Post.
9:32 of 1st period - Shot by Max Domi.
9:32 of 1st period - Deflect By Zemgus Girgensons.
9:32 of 1st period - Shot Misses the Net.
9:34 of 1st period - Shot by Oscar Klefbom.
9:34 of 1st period - Stopped by Mikko Koskinen without a rebound.
9:35 of 1st period - Chandler Stephenson wins face-off versus Derek Grant in COLUMBUS zone.
9:37 of 1st period - Valeri Nichushkin is hit by Ryan Murray and loses puck.
10:00 of 1st period - Shot by Valeri Nichushkin.
10:00 of 1st period - Shot Misses the Net.
10:50 of 1st period - Shot by Lars Eller.
10:50 of 1st period - Shot Misses the Net.
11:27 of 1st period - Aleksander Barkov is hit by Aaron Ekblad and loses puck.
11:41 of 1st period - Tyler Myers is hit by Ben Chiarot and loses puck.
12:50 of 1st period - Shot by Taylor Hall.
12:50 of 1st period - Shot Blocked by Mattias Ekholm.
13:01 of 1st period - Lars Eller is hit by Andrej Sekera and loses puck.
13:14 of 1st period - Icing by T.J. Oshie.
13:15 of 1st period - Chandler Stephenson wins face-off versus Lars Eller in COLUMBUS zone.
13:25 of 1st period - Icing by Claude Giroux.
13:26 of 1st period - Alexander Wennberg wins face-off versus Lars Eller in COLUMBUS zone.
13:32 of 1st period - Icing by Mattias Ekholm.
13:33 of 1st period - Lars Eller wins face-off versus Scott Laughton in COLUMBUS zone.
13:47 of 1st period - Minor Penalty to T.J. Oshie for Hooking.
13:48 of 1st period - Lars Eller wins face-off versus Christian Dvorak in COLUMBUS zone.
13:48 of 1st period - Aleksander Barkov is hit by Taylor Hall and loses puck.
13:53 of 1st period - Shot by Oscar Klefbom.
13:53 of 1st period - Shot Misses the Net.
13:55 of 1st period - Shot by Calle Jarnkrok.
13:55 of 1st period - Shot Misses the Net.
14:03 of 1st period - Shot by Taylor Hall.
14:03 of 1st period - Shot Misses the Net.
15:16 of 1st period - Icing by Aaron Ekblad.
15:17 of 1st period - Derek Grant wins face-off versus Scott Laughton in DETROIT zone.
15:54 of 1st period - Shot by Cam Atkinson.
15:54 of 1st period - Stopped by John Gibson with a rebound.
15:56 of 1st period - Shot by Derek Grant.
15:56 of 1st period - Stopped by John Gibson without a rebound.
15:57 of 1st period - Alexander Wennberg wins face-off versus Sean Kuraly in DETROIT zone.
15:57 of 1st period - Alexander Wennberg is hit by Sean Kuraly.
16:08 of 1st period - Icing by Erik Cernak.
16:09 of 1st period - Sean Kuraly wins face-off versus Justin Abdelkader in COLUMBUS zone.
17:33 of 1st period - Minor Penalty to Zemgus Girgensons for Boarding.
17:34 of 1st period - Taylor Hall wins face-off versus Lars Eller in DETROIT zone.
17:44 of 1st period - T.J. Oshie is hit by Justin Abdelkader.
17:50 of 1st period - Shot by Jacob Trouba.
17:50 of 1st period - Shot Misses the Net.
17:52 of 1st period - Shot by Ben Chiarot.
17:52 of 1st period - Stopped by John Gibson without a rebound.
17:53 of 1st period - Aleksander Barkov wins face-off versus Taylor Hall in DETROIT zone.
17:58 of 1st period - Shot by Claude Giroux.
17:58 of 1st period - Shot Blocked by Tyler Myers.
18:00 of 1st period - Shot by Mattias Ekholm.
18:00 of 1st period - Shot Misses the Net.
18:02 of 1st period - Shot by Steven Stamkos.
18:02 of 1st period - Shot Blocked by Aaron Ekblad.
18:04 of 1st period - Shot by Mattias Ekholm.
18:04 of 1st period - Stopped by John Gibson without a rebound.
18:05 of 1st period - Taylor Hall wins face-off versus Lars Eller in DETROIT zone.
19:13 of 1st period - Shot by Aleksander Barkov.
19:13 of 1st period - Shot Misses the Net.
19:15 of 1st period - Shot by Mattias Ekholm.
19:15 of 1st period - Stopped by John Gibson without a rebound.
19:16 of 1st period - Aleksander Barkov wins face-off versus Taylor Hall in DETROIT zone.
19:19 of 1st period - Shot by John Carlson.
19:19 of 1st period - Shot Blocked by Aaron Ekblad.
19:29 of 1st period - Shot by John Carlson.
19:29 of 1st period - Stopped by John Gibson without a rebound.
19:30 of 1st period - Lars Eller wins face-off versus Taylor Hall in DETROIT zone.
Goals for this period are 0 for COLUMBUS vs 0 for DETROIT.
Shots for this period are 13 for COLUMBUS vs 2 for DETROIT.

2nd period


0:01 of 2nd period - Christian Dvorak wins face-off versus Lars Eller in neutral zone.
0:38 of 2nd period - Icing by Christian Dvorak.
0:39 of 2nd period - Christian Dvorak wins face-off versus Aleksander Barkov in DETROIT zone.
0:52 of 2nd period - Anthony Beauvillier is hit by Tyler Myers.
1:00 of 2nd period - Shot by Anthony Beauvillier.
1:00 of 2nd period - Stopped by John Gibson without a rebound.
1:01 of 2nd period - Derek Grant wins face-off versus Scott Laughton in DETROIT zone.
1:24 of 2nd period - Shot by Derek Grant.
1:24 of 2nd period - Shot Blocked by Zemgus Girgensons.
1:39 of 2nd period - Max Domi is hit by Erik Cernak and loses puck.
2:22 of 2nd period - Icing by Andrej Sekera.
2:23 of 2nd period - T.J. Oshie wins face-off versus Alexander Wennberg in DETROIT zone.
2:28 of 2nd period - Shot by Claude Giroux.
2:28 of 2nd period - Shot Misses the Net.
2:30 of 2nd period - Shot by Ben Chiarot.
2:30 of 2nd period - Shot Misses the Net.
2:32 of 2nd period - Shot by T.J. Oshie.
2:32 of 2nd period - Stopped by John Gibson without a rebound.
2:33 of 2nd period - Christian Dvorak wins face-off versus Aleksander Barkov in DETROIT zone.
2:43 of 2nd period - Icing by Taylor Hall.
2:44 of 2nd period - Lars Eller wins face-off versus Calle Jarnkrok in DETROIT zone.
2:46 of 2nd period - T.J. Oshie is hit by Tyler Myers and loses puck.
2:56 of 2nd period - Lars Eller is hit by Tyler Myers.
3:05 of 2nd period - T.J. Oshie is hit by Aaron Ekblad and loses puck.
3:23 of 2nd period - Minor Penalty to Ben Chiarot for Tripping.
3:24 of 2nd period - Scott Laughton wins face-off versus Lars Eller in COLUMBUS zone.
3:53 of 2nd period - Icing by Zemgus Girgensons.
3:54 of 2nd period - Aleksander Barkov wins face-off versus Scott Laughton in DETROIT zone.
4:31 of 2nd period - Oscar Klefbom is hit by Jacob Trouba and loses puck.
5:34 of 2nd period - Shot by Cam Atkinson.
5:34 of 2nd period - Shot Misses the Net.
5:36 of 2nd period - Shot by Sean Kuraly.
5:36 of 2nd period - Shot Misses the Net.
6:49 of 2nd period - Shot by T.J. Oshie.
6:49 of 2nd period - Goal by T.J. Oshie - COLUMBUS : 1 - DETROIT : 0.
6:50 of 2nd period - Derek Grant wins face-off versus Chandler Stephenson in neutral zone.
7:12 of 2nd period - Tyler Myers is hit by Ben Chiarot and loses puck.
8:01 of 2nd period - Shot by Scott Laughton.
8:01 of 2nd period - Stopped by Mikko Koskinen without a rebound.
8:02 of 2nd period - Christian Dvorak wins face-off versus Aleksander Barkov in COLUMBUS zone.
8:20 of 2nd period - Icing by Erik Cernak.
8:21 of 2nd period - Aleksander Barkov wins face-off versus Scott Laughton in COLUMBUS zone.
8:32 of 2nd period - Shot by Aleksander Barkov.
8:32 of 2nd period - Deflect By Steven Stamkos.
8:32 of 2nd period - Stopped by John Gibson without a rebound.
8:33 of 2nd period - Lars Eller wins face-off versus Christian Dvorak in DETROIT zone.
9:28 of 2nd period - Shot by Aleksander Barkov.
9:28 of 2nd period - Shot Blocked by Aaron Ekblad.
9:30 of 2nd period - Shot by Steven Stamkos.
9:30 of 2nd period - Stopped by John Gibson without a rebound.
9:31 of 2nd period - Derek Grant wins face-off versus Scott Laughton in DETROIT zone.
9:40 of 2nd period - Shot by Cam Atkinson.
9:40 of 2nd period - Shot Misses the Net.
10:28 of 2nd period - Ben Chiarot is hit by Colton Sceviour and loses puck.
10:35 of 2nd period - Patrik Nemeth is hit by Steven Stamkos and loses puck.
10:51 of 2nd period - Minor Penalty to Justin Abdelkader for Slashing.
10:52 of 2nd period - Taylor Hall wins face-off versus Aleksander Barkov in DETROIT zone.
11:49 of 2nd period - Shot by Ben Chiarot.
11:49 of 2nd period - Stopped by John Gibson without a rebound.
11:50 of 2nd period - Lars Eller wins face-off versus Taylor Hall in DETROIT zone.
12:14 of 2nd period - Shot by Ben Chiarot.
12:14 of 2nd period - Shot Misses the Net.
12:16 of 2nd period - Shot by Jacob Trouba.
12:16 of 2nd period - Shot Blocked by Tyler Myers.
12:18 of 2nd period - Shot by T.J. Oshie.
12:18 of 2nd period - Stopped by John Gibson without a rebound.
12:19 of 2nd period - Aleksander Barkov wins face-off versus Calle Jarnkrok in DETROIT zone.
12:20 of 2nd period - Shot by Steven Stamkos.
12:20 of 2nd period - Deflect By Claude Giroux.
12:20 of 2nd period - Stopped by John Gibson without a rebound.
12:21 of 2nd period - Taylor Hall wins face-off versus Aleksander Barkov in DETROIT zone.
13:04 of 2nd period - Shot by Sean Kuraly.
13:04 of 2nd period - Shot Misses the Net.
13:37 of 2nd period - Icing by Patrik Nemeth.
13:38 of 2nd period - Alexander Wennberg wins face-off versus Lars Eller in DETROIT zone.
13:53 of 2nd period - Shot by Claude Giroux.
13:53 of 2nd period - Stopped by John Gibson without a rebound.
13:54 of 2nd period - Christian Dvorak wins face-off versus Aleksander Barkov in DETROIT zone.
13:56 of 2nd period - Icing by Calle Jarnkrok.
13:57 of 2nd period - Aleksander Barkov wins face-off versus Taylor Hall in DETROIT zone.
14:07 of 2nd period - Off-side.
14:08 of 2nd period - Lars Eller wins face-off versus Scott Laughton in neutral zone.
14:47 of 2nd period - Shot by Lars Eller.
14:47 of 2nd period - Stopped by John Gibson without a rebound.
14:48 of 2nd period - Christian Dvorak wins face-off versus Aleksander Barkov in DETROIT zone.
14:48 of 2nd period - Calle Jarnkrok is hit by Steven Stamkos and loses puck.
15:14 of 2nd period - Icing by John Carlson.
15:15 of 2nd period - Alexander Wennberg wins face-off versus Aleksander Barkov in COLUMBUS zone.
15:38 of 2nd period - Andrej Sekera is hit by Steven Stamkos and loses puck.
16:06 of 2nd period - Icing by Alexander Wennberg.
16:07 of 2nd period - Lars Eller wins face-off versus Alexander Wennberg in DETROIT zone.
16:27 of 2nd period - Icing by Patrik Nemeth.
16:28 of 2nd period - Jonathan Drouin wins face-off versus Alexander Wennberg in DETROIT zone.
17:02 of 2nd period - Off-side.
17:03 of 2nd period - Scott Laughton wins face-off versus T.J. Oshie in neutral zone.
18:01 of 2nd period - Shot by Tyler Myers.
18:01 of 2nd period - Deflect By Calle Jarnkrok.
18:01 of 2nd period - Shot Misses the Net.
18:11 of 2nd period - Icing by Lars Eller.
18:12 of 2nd period - Lars Eller wins face-off versus Chandler Stephenson in COLUMBUS zone.
19:38 of 2nd period - Aaron Ekblad is hit by Derek Grant.
Goals for this period are 1 for COLUMBUS vs 0 for DETROIT.
Shots for this period are 10 for COLUMBUS vs 1 for DETROIT.

3rd period


0:01 of 3rd period - Aleksander Barkov wins face-off versus Christian Dvorak in neutral zone.
0:04 of 3rd period - Shot by Anthony Beauvillier.
0:04 of 3rd period - Stopped by John Gibson without a rebound.
0:05 of 3rd period - Christian Dvorak wins face-off versus Lars Eller in DETROIT zone.
0:05 of 3rd period - Christian Dvorak is hit by T.J. Oshie.
0:36 of 3rd period - Shot by T.J. Oshie.
0:36 of 3rd period - Shot Misses the Net.
0:38 of 3rd period - Shot by Mattias Ekholm.
0:38 of 3rd period - Shot Hit the Post.
1:21 of 3rd period - Icing by Aaron Ekblad.
1:22 of 3rd period - Cam Atkinson wins face-off versus Scott Laughton in DETROIT zone.
1:25 of 3rd period - Shot by Jonathan Drouin.
1:25 of 3rd period - Shot Blocked by Tyler Myers.
2:35 of 3rd period - Shot by Steven Stamkos.
2:35 of 3rd period - Deflect By Aleksander Barkov.
2:35 of 3rd period - Shot Blocked by Alexander Wennberg.
2:37 of 3rd period - Shot by Steven Stamkos.
2:37 of 3rd period - Stopped by John Gibson without a rebound.
2:38 of 3rd period - Christian Dvorak wins face-off versus Lars Eller in DETROIT zone.
2:51 of 3rd period - Shot by Christian Dvorak.
2:51 of 3rd period - Deflect By Taylor Hall.
2:51 of 3rd period - Shot Misses the Net.
2:58 of 3rd period - Off-side.
2:59 of 3rd period - Scott Laughton wins face-off versus Aleksander Barkov in neutral zone.
3:11 of 3rd period - Off-side.
3:12 of 3rd period - Christian Dvorak wins face-off versus Lars Eller in neutral zone.
3:16 of 3rd period - Shot by Oscar Klefbom.
3:16 of 3rd period - Shot Misses the Net.
3:38 of 3rd period - Shot by Taylor Hall.
3:38 of 3rd period - Stopped by Mikko Koskinen without a rebound.
3:39 of 3rd period - Aleksander Barkov wins face-off versus Scott Laughton in COLUMBUS zone.
3:39 of 3rd period - John Carlson is hit by Max Domi.
3:44 of 3rd period - John Carlson is hit by Aaron Ekblad and loses puck.
3:53 of 3rd period - Shot by Anthony Beauvillier.
3:53 of 3rd period - Shot Misses the Net.
3:55 of 3rd period - Shot by Mattias Ekholm.
3:55 of 3rd period - Shot Misses the Net.
3:56 of 3rd period - Minor Penalty to Aaron Ekblad for Slashing.
3:57 of 3rd period - Taylor Hall wins face-off versus Lars Eller in DETROIT zone.
4:12 of 3rd period - Shot by T.J. Oshie.
4:12 of 3rd period - Shot Misses the Net.
4:14 of 3rd period - Shot by Jacob Trouba.
4:14 of 3rd period - Shot Misses the Net.
4:16 of 3rd period - Shot by Jacob Trouba.
4:16 of 3rd period - Stopped by John Gibson without a rebound.
4:17 of 3rd period - Aleksander Barkov wins face-off versus Taylor Hall in DETROIT zone.
4:24 of 3rd period - Shot by Steven Stamkos.
4:24 of 3rd period - Deflect By Aleksander Barkov.
4:24 of 3rd period - Shot Misses the Net.
6:09 of 3rd period - Shot by Colton Sceviour.
6:09 of 3rd period - Deflect By Alexander Wennberg.
6:09 of 3rd period - Shot Misses the Net.
6:11 of 3rd period - Shot by Robert Bortuzzo.
6:11 of 3rd period - Shot Misses the Net.
6:13 of 3rd period - Shot by Robert Bortuzzo.
6:13 of 3rd period - Stopped by Mikko Koskinen without a rebound.
6:14 of 3rd period - Sean Kuraly wins face-off versus Scott Laughton in COLUMBUS zone.
6:16 of 3rd period - Cam Atkinson is hit by Scott Laughton and loses puck.
6:17 of 3rd period - Double Minor Penalty to Scott Laughton for High sticking.
6:18 of 3rd period - Aleksander Barkov wins face-off versus Taylor Hall in DETROIT zone.
6:33 of 3rd period - Shot by Claude Giroux.
6:33 of 3rd period - Goal by Claude Giroux - COLUMBUS : 2 - DETROIT : 0.
6:34 of 3rd period - Lars Eller wins face-off versus Max Domi in neutral zone.
8:32 of 3rd period - Shot by Ben Chiarot.
8:32 of 3rd period - Stopped by John Gibson without a rebound.
8:33 of 3rd period - Alexander Wennberg wins face-off versus Sean Kuraly in DETROIT zone.
9:00 of 3rd period - Shot by Colton Sceviour.
9:00 of 3rd period - Stopped by Mikko Koskinen without a rebound.
9:01 of 3rd period - Zemgus Girgensons wins face-off versus Aleksander Barkov in COLUMBUS zone.
9:56 of 3rd period - Shot by T.J. Oshie.
9:56 of 3rd period - Stopped by John Gibson without a rebound.
9:57 of 3rd period - Derek Grant wins face-off versus Justin Abdelkader in DETROIT zone.
10:04 of 3rd period - Shot by Cam Atkinson.
10:04 of 3rd period - Stopped by John Gibson without a rebound.
10:05 of 3rd period - Calle Jarnkrok wins face-off versus Lars Eller in DETROIT zone.
10:05 of 3rd period - Tyler Myers is hit by Lars Eller and loses puck.
10:33 of 3rd period - Minor Penalty to Claude Giroux for Holding.
10:34 of 3rd period - Scott Laughton wins face-off versus Aleksander Barkov in COLUMBUS zone.
10:35 of 3rd period - Shot by Ian Cole.
10:35 of 3rd period - Stopped by Mikko Koskinen without a rebound.
10:36 of 3rd period - Aleksander Barkov wins face-off versus Scott Laughton in COLUMBUS zone.
11:03 of 3rd period - Icing by Oscar Klefbom.
11:04 of 3rd period - Aleksander Barkov wins face-off versus Scott Laughton in DETROIT zone.
11:07 of 3rd period - Shot by Aleksander Barkov.
11:07 of 3rd period - Shot Misses the Net.
11:09 of 3rd period - Shot by Aleksander Barkov.
11:09 of 3rd period - Deflect By Lars Eller.
11:09 of 3rd period - Stopped by John Gibson with a rebound.
11:11 of 3rd period - Shot by Aleksander Barkov.
11:11 of 3rd period - Stopped by John Gibson without a rebound.
11:12 of 3rd period - Aleksander Barkov wins face-off versus Christian Dvorak in DETROIT zone.
11:12 of 3rd period - Aleksander Barkov is hit by Tyler Myers.
11:52 of 3rd period - Shot by Tyler Myers.
11:52 of 3rd period - Stopped by Mikko Koskinen without a rebound.
11:53 of 3rd period - Max Domi wins face-off versus Derek Grant in COLUMBUS zone.
12:08 of 3rd period - Shot by Oscar Klefbom.
12:08 of 3rd period - Stopped by Mikko Koskinen without a rebound.
12:09 of 3rd period - Derek Grant wins face-off versus Scott Laughton in COLUMBUS zone.
12:45 of 3rd period - Justin Abdelkader is hit by Erik Cernak and loses puck.
13:09 of 3rd period - Cam Atkinson is hit by Patrik Nemeth and loses puck.
13:20 of 3rd period - Anthony Beauvillier is hit by Justin Abdelkader and loses puck.
13:47 of 3rd period - Shot by Christian Dvorak.
13:47 of 3rd period - Shot Blocked by Ben Chiarot.
13:58 of 3rd period - Shot by Christian Dvorak.
13:58 of 3rd period - Shot Misses the Net.
14:20 of 3rd period - Aleksander Barkov is hit by Zemgus Girgensons and loses puck.
14:25 of 3rd period - Shot by Max Domi.
14:25 of 3rd period - Stopped by Mikko Koskinen without a rebound.
14:26 of 3rd period - Lars Eller wins face-off versus Max Domi in COLUMBUS zone.
14:28 of 3rd period - Claude Giroux is hit by Scott Laughton.
14:35 of 3rd period - Icing by Robert Bortuzzo.
14:36 of 3rd period - Sean Kuraly wins face-off versus Max Domi in DETROIT zone.
14:43 of 3rd period - Shot by Sean Kuraly.
14:43 of 3rd period - Deflect By Cam Atkinson.
14:43 of 3rd period - Stopped by John Gibson with a rebound.
14:53 of 3rd period - Shot by Max Domi.
14:53 of 3rd period - Stopped by Mikko Koskinen without a rebound.
14:54 of 3rd period - Lars Eller wins face-off versus Alexander Wennberg in COLUMBUS zone.
16:18 of 3rd period - Icing by Tyler Myers.
16:19 of 3rd period - Christian Dvorak wins face-off versus Aleksander Barkov in DETROIT zone.
16:32 of 3rd period - Shot by Christian Dvorak.
16:32 of 3rd period - Stopped by Mikko Koskinen with a rebound.
16:34 of 3rd period - Shot by Aaron Ekblad.
16:34 of 3rd period - Stopped by Mikko Koskinen without a rebound.
16:35 of 3rd period - Lars Eller wins face-off versus Scott Laughton in COLUMBUS zone.
16:35 of 3rd period - Lars Eller is hit by Scott Laughton.
16:46 of 3rd period - T.J. Oshie is hit by Andrej Sekera and loses puck.
16:50 of 3rd period - Minor Penalty to Andrej Sekera for High sticking.
16:51 of 3rd period - Taylor Hall wins face-off versus Aleksander Barkov in DETROIT zone.
16:51 of 3rd period - Oscar Klefbom is hit by Claude Giroux and loses puck.
17:00 of 3rd period - Shot by Claude Giroux.
17:00 of 3rd period - Stopped by John Gibson with a rebound.
17:02 of 3rd period - Shot by John Carlson.
17:02 of 3rd period - Shot Misses the Net.
17:04 of 3rd period - Shot by Steven Stamkos.
17:04 of 3rd period - Shot Misses the Net.
17:25 of 3rd period - Shot by Claude Giroux.
17:25 of 3rd period - Deflect By Steven Stamkos.
17:25 of 3rd period - Stopped by John Gibson with a rebound.
17:29 of 3rd period - Shot by John Carlson.
17:29 of 3rd period - Shot Blocked by Tyler Myers.
17:31 of 3rd period - Shot by Aleksander Barkov.
17:31 of 3rd period - Shot Misses the Net.
17:33 of 3rd period - Shot by John Carlson.
17:33 of 3rd period - Shot Misses the Net.
17:46 of 3rd period - Aaron Ekblad is hit by Jonathan Drouin and loses puck.
18:01 of 3rd period - Shot by Jacob Trouba.
18:01 of 3rd period - Stopped by John Gibson with a rebound.
18:03 of 3rd period - Shot by Jacob Trouba.
18:03 of 3rd period - Stopped by John Gibson without a rebound.
18:04 of 3rd period - Lars Eller wins face-off versus Taylor Hall in DETROIT zone.
18:15 of 3rd period - Shot by Jacob Trouba.
18:15 of 3rd period - Stopped by John Gibson without a rebound.
18:16 of 3rd period - Aleksander Barkov wins face-off versus Taylor Hall in DETROIT zone.
18:55 of 3rd period - Icing by Colton Sceviour.
18:56 of 3rd period - Colton Sceviour wins face-off versus Derek Grant in DETROIT zone.
Goals for this period are 1 for COLUMBUS vs 0 for DETROIT.
Shots for this period are 15 for COLUMBUS vs 10 for DETROIT.